Avalanche vs Coyotes
(R1)
Created - May 23, 2019 at 22:33
Goals
|
Avalanche |
1 |
1 |
1 |
1 |
4 |
Coyotes |
2 |
1 |
0 |
0 |
3 |
|
Shots
|
Avalanche |
10 |
11 |
10 |
12 |
43 |
Coyotes |
14 |
5 |
10 |
8 |
37 |
|
1st period
1. Coyotes , Zach Parise 5 (Nazem Kadri 3, Josh Gorges 3) at 4:45 (PP)
2. Avalanche , Andrew Ladd 2 (Kyle Turris 2) at 5:37
3. Coyotes , Tyler Ennis 5 (Anton Stralman 5, Kristopher Letang 5) at 15:23
Penalties :
Mattias Ekholm (Col) for Hooking (Minor) at 3:21, Anton Stralman (Ari) for High sticking (Minor) at 10:48, Andrei Kostitsyn (Col) for Roughing (Minor) at 17:48
2nd period
4. Coyotes , Marian Gaborik 4 (Tyler Ennis 6, Zach Parise 3) at 8:55
5. Avalanche , Jack Johnson 3 (Paul Stastny 5, Andrei Kostitsyn 2) at 18:39 (PP)
Penalties :
Zach Parise (Ari) for Hooking (Minor) at 3:18, Mattias Ekholm (Col) for Interference (Minor) at 10:32, Kristopher Letang (Ari) for Roughing (Minor) at 12:44, Marian Gaborik (Ari) for Goalie Interference (Minor) at 18:01
3rd period
6. Avalanche , Alexander Radulov 2 (Jack Johnson 3, Erik Karlsson 5) at 14:10
Penalties :
Greg Zanon (Ari) for Holding (Minor) at 1:28, Zach Parise (Ari) for Slashing (Minor) at 4:35, Jack Johnson (Col) for High sticking (Minor) at 9:27, Mattias Ekholm (Col) for Interference (Minor) at 10:22, Marian Gaborik (Ari) for Hooking (Minor) at 14:21
Overtime #1
7. Avalanche , Alexander Radulov 3 (Paul Stastny 6) at 17:19
Penalties :
Andrew Ladd (Col) for High sticking (Minor) at 2:43, Paul Stastny (Col) for Cross-checking (Minor) at 13:05
Goalie Stats
Semyon Varlamov (Col), 34 saves from 37 shots - (0.919), W, 5-2-0, 77:19 minutes
Maxime Daigneault (Ari), 39 saves from 43 shots - (0.907), OTL, 6-1-1, 77:19 minutes
Players Stats for Avalanche
Player Name G A P +/- PIM S H SB GA TA FO MP PP MP PK MP
------------------------------------------------------------------------------------
Alexander Radulov 2 0 2 2 0 10 4 0 0 0 0/0 21:20 6:07 0:00
Andrei Kostitsyn 0 1 1 2 2 5 2 0 0 0 0/2 22:42 6:07 1:23
Andrew Ladd 1 0 1 1 2 3 2 0 1 0 3/6 18:16 0:04 5:24
Bryan Little 0 0 0 -1 0 3 2 1 1 1 22/38 26:55 6:21 3:24
Chuck Kobasew 0 0 0 -1 0 1 2 1 0 0 0/2 15:31 0:04 6:54
Damien Brunner 0 0 0 1 0 1 1 0 1 0 0/2 13:55 0:00 1:54
Erik Karlsson 0 1 1 1 0 1 0 2 1 0 0/0 24:57 7:31 0:00
Jack Johnson 1 1 2 1 2 3 0 1 1 1 0/0 30:42 7:31 5:14
Johnny Boychuk 0 0 0 0 0 0 2 1 0 2 0/0 21:39 0:00 6:00
Kyle Turris 0 1 1 1 0 0 2 0 0 0 1/7 12:48 0:00 0:49
Marc Staal 0 0 0 0 0 1 2 1 0 0 0/0 30:54 5:01 6:25
Mattias Ekholm 0 0 0 0 6 0 1 1 1 0 0/0 16:42 0:00 0:07
Maxim Talbot 0 0 0 -1 0 1 0 0 0 0 1/2 10:09 0:00 3:01
Mikkel Boedker 0 0 0 -1 0 5 3 1 0 0 0/0 23:20 6:21 0:00
Patric Hornqvist 0 0 0 -1 0 2 1 0 1 0 0/2 23:20 6:21 0:00
Paul Stastny 0 2 2 2 2 5 3 0 0 1 11/18 21:19 6:07 0:00
Pernell Karl Subban 0 0 0 0 0 2 0 3 2 1 0/0 30:31 5:01 6:45
Ville Leino 0 0 0 -1 0 0 1 0 0 0 0/0 8:10 0:04 0:31
Players Stats for Coyotes
Player Name G A P +/- PIM S H SB GA TA FO MP PP MP PK MP
------------------------------------------------------------------------------------
Alexander Sulzer 0 0 0 0 0 2 1 3 0 0 0/0 18:44 0:35 4:42
Anton Stralman 0 1 1 -1 2 3 0 3 1 0 0/0 32:28 6:36 3:44
Brad Richards 0 0 0 1 0 2 1 2 0 1 21/36 29:51 6:30 4:05
Brooks Laich 0 0 0 -1 0 0 0 0 0 0 1/3 10:26 0:04 0:00
Chad Larose 0 0 0 -1 0 1 1 2 0 1 7/14 17:46 0:00 7:14
Chris Stewart 0 0 0 0 0 1 2 0 0 0 0/0 7:39 0:03 0:00
Greg Zanon 0 0 0 0 2 0 1 3 0 0 0/0 21:37 0:35 6:36
Josh Gorges 0 1 1 0 0 1 2 4 0 0 0/0 28:45 5:03 7:50
Kristopher Letang 0 1 1 -1 2 5 4 3 2 0 0/0 32:51 6:36 1:48
Marek Svatos 0 0 0 -1 0 4 2 1 1 0 0/1 20:28 5:40 0:00
Marian Gaborik 1 0 1 1 4 5 0 0 1 0 1/4 25:02 6:34 0:00
Martin Samuelsson 0 0 0 -1 0 0 1 1 0 1 1/1 17:48 0:00 7:16
Michael Del Zotto 0 0 0 0 0 2 1 1 0 1 0/0 20:55 5:03 0:24
Nazem Kadri 0 1 1 -1 0 2 1 0 0 2 8/15 20:58 5:40 0:13
Ryane Clowe 0 0 0 0 0 0 2 0 0 0 0/0 9:24 0:00 1:29
Tyler Ennis 1 1 2 1 0 6 3 2 1 2 0/1 27:45 6:31 2:19
Valtteri Filppula 0 0 0 0 0 0 0 0 0 0 1/3 7:26 0:00 0:00
Zach Parise 1 1 2 -1 4 3 3 1 0 1 1/1 24:03 5:40 2:28
3 Stars
1 - Alexander Radulov (Col)
2 - Tyler Ennis (Ari)
3 - Paul Stastny (Col)
Power Play
Avalanche - 1 on 7 Attempt(s) - 14.29%
Coyotes - 1 on 7 Attempt(s) - 14.29%
Penalty Kill
Avalanche - 6 on 7 Attempt(s) - 85.71%
- Score 0 goal in Penalty Kill
Coyotes - 6 on 7 Attempt(s) - 85.71%
- Score 0 goal in Penalty Kill
Team Stat
Avalanche - Hits : 28 - Faceoff Wins : 38 - Blocked Shots : 12 - Penalty Minutes : 14
Coyotes - Hits : 25 - Faceoff Wins : 41 - Blocked Shots : 26 - Penalty Minutes : 14
Official
Referees : Unknown
Linesman : Unknown
Game Notes
No Game Note
Finance
Level 1 -- Attendance: 6000 (100.00%) -- Ticket Income $540,000
Level 2 -- Attendance: 5000 (100.00%) -- Ticket Income $265,000
Level 3 -- Attendance: 2000 (100.00%) -- Ticket Income $74,000
Level 4 -- Attendance: 4000 (100.00%) -- Ticket Income $104,000
Luxury Box -- Attendance: 1000 (100.00%) -- Ticket Income $163,000
Game was played at the The Pack Center.
Total Attendance: 18000 (100.00%)
Total Ticket Income: $1,146,000
Other Income: $171,900
Total Income: $1,317,900
Avalanche
5 vs 5 Forward
Center Left Wing Right Wing Time % Phy DF OF
1 Bryan Little Mikkel Boedker Patric Hornqvist 35 1 2 2
2 Paul Stastny Andrei Kostitsyn Alexander Radulov 30 1 2 2
3 Kyle Turris Andrew Ladd Damien Brunner 25 1 2 2
4 Maxim Talbot Ville Leino Chuck Kobasew 10 1 2 2
5 vs 5 Defense
Defense Defense Time % Phy DF OF
1 Erik Karlsson Jack Johnson 35 1 2 2
2 Marc Staal Pernell Karl Subban 35 1 2 2
3 Johnny Boychuk Mattias Ekholm 30 1 2 2
4 Marc Staal Mattias Ekholm 0 1 2 2
PowerPlay Forward
Center Left Wing Right Wing Time % Phy DF OF
1 Bryan Little Mikkel Boedker Patric Hornqvist 60 1 2 2
2 Paul Stastny Andrei Kostitsyn Alexander Radulov 40 1 2 2
PowerPlay Defense
Defense Defense Time % Phy DF OF
1 Erik Karlsson Jack Johnson 60 1 2 2
2 Pernell Karl Subban Marc Staal 40 1 2 2
Penalty Kill 4 Players Forward
Center Wing Time % Phy DF OF
1 Andrew Ladd Chuck Kobasew 60 1 2 2
2 Bryan Little Maxim Talbot 40 1 2 2
Penalty Kill 4 Players Defense
Defense Defense Time % Phy DF OF
1 Pernell Karl Subban Marc Staal 60 1 2 2
2 Jack Johnson Johnny Boychuk 40 1 2 2
Penalty Kill - 3 Players Forward
Forward Time % Phy DF OF
1 Chuck Kobasew 60 1 2 2
2 Andrew Ladd 40 1 2 2
Penalty Kill - 3 Players Defense
Defense Defense Time % Phy DF OF
1 Marc Staal Pernell Karl Subban 60 1 2 2
2 Jack Johnson Johnny Boychuk 40 1 2 2
4 vs 4 Forward
Center Wing Time % Phy DF OF
1 Bryan Little Mikkel Boedker 60 1 2 2
2 Paul Stastny Andrei Kostitsyn 40 1 2 2
4 vs 4 Defense
Defense Defense Time % Phy DF OF
1 Marc Staal Pernell Karl Subban 60 1 2 2
2 Jack Johnson Erik Karlsson 40 1 2 2
Last Minutes Offensive
Center Left Wing Right Wing Defense Defense
Bryan Little Mikkel Boedker Alexander Radulov Erik Karlsson Jack Johnson
Last Minutes Defensive
Center Left Wing Right Wing Defense Defense
Bryan Little Andrew Ladd Chuck Kobasew Marc Staal Jack Johnson
Goaltenders
Starting : Semyon Varlamov
Backup : Roberto Luongo
Extra Forwards
Normal : Andrew Ladd, Alexander Radulov, Andrei Kostitsyn - PP : Andrew Ladd, Alexander Radulov - PK : Damien Brunner
Extra Defensemen
Normal : Marc Staal, Erik Karlsson, Pernell Karl Subban - PP : Pernell Karl Subban - PK : Jack Johnson, Pernell Karl Subban
Penalty Shots
Mikkel Boedker, Andrew Ladd, Paul Stastny, Bryan Little, Andrei Kostitsyn
Scratches
Dan Boyle (Healthy)
Coyotes
5 vs 5 Forward
Center Left Wing Right Wing Time % Phy DF OF
1 Brad Richards Tyler Ennis Marian Gaborik 40 0 2 3
2 Nazem Kadri Zach Parise Marek Svatos 32 0 2 3
3 Brooks Laich Martin Samuelsson Chad Larose 16 0 2 3
4 Valtteri Filppula Ryane Clowe Chris Stewart 12 0 2 3
5 vs 5 Defense
Defense Defense Time % Phy DF OF
1 Kristopher Letang Anton Stralman 40 0 3 2
2 Josh Gorges Greg Zanon 30 0 3 2
3 Alexander Sulzer Michael Del Zotto 25 0 3 2
4 Kristopher Letang Michael Del Zotto 5 0 3 2
PowerPlay Forward
Center Left Wing Right Wing Time % Phy DF OF
1 Brad Richards Tyler Ennis Marian Gaborik 60 0 1 4
2 Nazem Kadri Zach Parise Marek Svatos 40 0 1 4
PowerPlay Defense
Defense Defense Time % Phy DF OF
1 Kristopher Letang Anton Stralman 60 0 2 3
2 Josh Gorges Michael Del Zotto 40 0 2 3
Penalty Kill 4 Players Forward
Center Wing Time % Phy DF OF
1 Chad Larose Martin Samuelsson 60 1 3 1
2 Brad Richards Zach Parise 40 1 3 1
Penalty Kill 4 Players Defense
Defense Defense Time % Phy DF OF
1 Greg Zanon Josh Gorges 60 1 4 0
2 Anton Stralman Alexander Sulzer 40 1 4 0
Penalty Kill - 3 Players Forward
Forward Time % Phy DF OF
1 Brad Richards 60 1 3 1
2 Zach Parise 40 1 3 1
Penalty Kill - 3 Players Defense
Defense Defense Time % Phy DF OF
1 Alexander Sulzer Anton Stralman 60 1 4 0
2 Josh Gorges Greg Zanon 40 1 4 0
4 vs 4 Forward
Center Wing Time % Phy DF OF
1 Brad Richards Marian Gaborik 60 0 2 3
2 Nazem Kadri Zach Parise 40 0 2 3
4 vs 4 Defense
Defense Defense Time % Phy DF OF
1 Kristopher Letang Anton Stralman 60 0 3 2
2 Josh Gorges Greg Zanon 40 0 3 2
Last Minutes Offensive
Center Left Wing Right Wing Defense Defense
Brad Richards Tyler Ennis Marian Gaborik Kristopher Letang Anton Stralman
Last Minutes Defensive
Center Left Wing Right Wing Defense Defense
Brad Richards Zach Parise Chad Larose Greg Zanon Anton Stralman
Goaltenders
Starting : Maxime Daigneault
Backup : Cam Ward
Extra Forwards
Normal : Brooks Laich, Chris Stewart, Ryane Clowe - PP : Brooks Laich, Chris Stewart - PK : Tyler Ennis
Extra Defensemen
Normal : Alexander Sulzer, Michael Del Zotto, Josh Gorges - PP : Alexander Sulzer - PK : Kristopher Letang, Michael Del Zotto
Penalty Shots
Marian Gaborik, Brad Richards, Tyler Ennis, Zach Parise, Nazem Kadri
Scratches
Thomas Hickey (Healthy)
% Time on Ice - Avalanche
Lines # - Real PCT - Wanted PCT - Time Play
Normal Forward
1 - 34% - 35% - 18:02
2 - 30% - 30% - 15:35
3 - 22% - 25% - 11:48
4 - 14% - 10% - 7:08
Normal Defense
1 - 36% - 35% - 18:56
2 - 33% - 35% - 17:19
3 - 29% - 30% - 15:07
4 - 2% - 0% - 1:11
PP Forward
1 - 51% - 60% - 6:25
2 - 49% - 40% - 6:07
PP Defense
1 - 60% - 60% - 7:31
2 - 40% - 40% - 5:01
PK Forward
1 - 73% - 60% - 8:09
2 - 27% - 40% - 3:01
PK Defense
1 - 53% - 60% - 5:52
2 - 47% - 40% - 5:18
PK3 Forward
1 - 77% - 60% - 0:49
2 - 23% - 40% - 0:15
PK3 Defense
1 - 52% - 60% - 0:33
2 - 48% - 40% - 0:31
44 Forward
1 - 0% - 60%
2 - 0% - 40%
44 Defense
1 - 0% - 60%
2 - 0% - 40%
Last Minute Offensive - 0:00
Last Minute Defensive - 0:00
Total
Forward - 77:19
Defense - 77:19
|
% Time on Ice - Coyotes
Lines # - Real PCT - Wanted PCT - Time Play
Normal Forward
1 - 37% - 40% - 19:15
2 - 30% - 32% - 15:40
3 - 19% - 16% - 10:12
4 - 14% - 12% - 7:26
Normal Defense
1 - 43% - 40% - 22:28
2 - 30% - 30% - 15:33
3 - 23% - 25% - 11:55
4 - 5% - 5% - 2:37
PP Forward
1 - 54% - 60% - 6:34
2 - 46% - 40% - 5:40
PP Defense
1 - 59% - 60% - 7:11
2 - 41% - 40% - 5:03
PK Forward
1 - 71% - 60% - 8:51
2 - 29% - 40% - 3:41
PK Defense
1 - 63% - 60% - 7:50
2 - 38% - 40% - 4:42
PK3 Forward
1 - 0% - 60%
2 - 0% - 40%
PK3 Defense
1 - 0% - 60%
2 - 0% - 40%
44 Forward
1 - 0% - 60%
2 - 0% - 40%
44 Defense
1 - 0% - 60%
2 - 0% - 40%
Last Minute Offensive - 0:00
Last Minute Defensive - 0:00
Total
Forward - 77:19
Defense - 77:19
|
Play-by-Play
1st period
0:01 of 1st period - Bryan Little wins face-off versus Brad Richards in neutral zone.
0:55 of 1st period - Off-side.
0:56 of 1st period - Maxim Talbot wins face-off versus Valtteri Filppula in neutral zone.
2:11 of 1st period - Wrist shot by Tyler Ennis.
2:11 of 1st period - Stopped by Semyon Varlamov without a rebound.
2:12 of 1st period - Bryan Little wins face-off versus Brad Richards in Avalanche zone.
2:39 of 1st period - Josh Gorges is hit by Andrei Kostitsyn and loses puck.
3:06 of 1st period - Snap shot by Damien Brunner.
3:06 of 1st period - Deflect By Andrew Ladd.
3:06 of 1st period - Stopped by Maxime Daigneault without a rebound.
3:07 of 1st period - Kyle Turris wins face-off versus Marian Gaborik in Coyotes zone.
3:21 of 1st period - Minor Penalty to Mattias Ekholm for Hooking.
3:22 of 1st period - Andrew Ladd wins face-off versus Brad Richards in Avalanche zone.
4:18 of 1st period - Icing by Brad Richards.
4:19 of 1st period - Brad Richards wins face-off versus Bryan Little in Coyotes zone.
4:19 of 1st period - Brad Richards is hit by Bryan Little.
4:25 of 1st period - Snap shot by Brad Richards.
4:25 of 1st period - Shot Blocked by Pernell Karl Subban.
4:45 of 1st period - Wrist shot by Zach Parise.
4:45 of 1st period - Goal by Zach Parise - Avalanche : 0 - Coyotes : 1.
4:46 of 1st period - Brad Richards wins face-off versus Bryan Little in neutral zone.
5:03 of 1st period - Wrist shot by Tyler Ennis.
5:03 of 1st period - Shot Misses the Net.
5:25 of 1st period - Snap shot by Alexander Radulov.
5:25 of 1st period - Stopped by Maxime Daigneault with a rebound.
5:37 of 1st period - Snap shot by Andrew Ladd.
5:37 of 1st period - Goal by Andrew Ladd - Avalanche : 1 - Coyotes : 1.
5:38 of 1st period - Brad Richards wins face-off versus Bryan Little in neutral zone.
6:15 of 1st period - Slapshot by Paul Stastny.
6:15 of 1st period - Stopped by Maxime Daigneault without a rebound.
6:16 of 1st period - Martin Samuelsson wins face-off versus Kyle Turris in Coyotes zone.
6:21 of 1st period - Wrist shot by Brooks Laich.
6:21 of 1st period - Shot Blocked by Johnny Boychuk.
7:04 of 1st period - Snap shot by Alexander Radulov.
7:04 of 1st period - Stopped by Maxime Daigneault with a rebound.
7:50 of 1st period - Wrist shot by Brooks Laich.
7:50 of 1st period - Shot Misses the Net.
7:52 of 1st period - Wrist shot by Brooks Laich.
7:52 of 1st period - Shot Misses the Net.
7:54 of 1st period - Wrist shot by Kristopher Letang.
7:54 of 1st period - Stopped by Semyon Varlamov with a rebound.
8:34 of 1st period - Snap shot by Zach Parise.
8:34 of 1st period - Stopped by Semyon Varlamov without a rebound.
8:35 of 1st period - Nazem Kadri wins face-off versus Kyle Turris in Avalanche zone.
8:40 of 1st period - Snap shot by Marek Svatos.
8:40 of 1st period - Stopped by Semyon Varlamov without a rebound.
8:41 of 1st period - Nazem Kadri wins face-off versus Kyle Turris in Avalanche zone.
8:48 of 1st period - Snap shot by Damien Brunner.
8:48 of 1st period - Stopped by Maxime Daigneault without a rebound.
8:49 of 1st period - Brad Richards wins face-off versus Bryan Little in Coyotes zone.
8:54 of 1st period - Wrist shot by Patric Hornqvist.
8:54 of 1st period - Stopped by Maxime Daigneault with a rebound.
8:56 of 1st period - Snap shot by Jack Johnson.
8:56 of 1st period - Shot Blocked by Brad Richards.
9:00 of 1st period - Wrist shot by Mikkel Boedker.
9:00 of 1st period - Shot Blocked by Brad Richards.
9:02 of 1st period - Snap shot by Bryan Little.
9:02 of 1st period - Shot Misses the Net.
9:16 of 1st period - Jack Johnson is hit by Greg Zanon and loses puck.
9:53 of 1st period - Wrist shot by Ryane Clowe.
9:53 of 1st period - Shot Blocked by Chuck Kobasew.
10:15 of 1st period - Wrist shot by Marian Gaborik.
10:15 of 1st period - Shot Misses the Net.
10:33 of 1st period - Slapshot by Paul Stastny.
10:33 of 1st period - Stopped by Maxime Daigneault without a rebound.
10:34 of 1st period - Paul Stastny wins face-off versus Nazem Kadri in Coyotes zone.
10:48 of 1st period - Minor Penalty to Anton Stralman for High sticking.
10:49 of 1st period - Chad Larose wins face-off versus Bryan Little in Coyotes zone.
12:48 of 1st period - Penalty to Anton Stralman is over, Anton Stralman is back on ice.
12:55 of 1st period - Slapshot by Marc Staal.
12:55 of 1st period - Stopped by Maxime Daigneault without a rebound.
12:56 of 1st period - Nazem Kadri wins face-off versus Kyle Turris in Coyotes zone.
13:32 of 1st period - Snap shot by Marian Gaborik.
13:32 of 1st period - Shot Misses the Net.
13:50 of 1st period - Josh Gorges is hit by Alexander Radulov and loses puck.
14:15 of 1st period - Wrist shot by Patric Hornqvist.
14:15 of 1st period - Deflect By Bryan Little.
14:15 of 1st period - Shot Blocked by Zach Parise.
14:15 of 1st period - Puck is out of play.
14:16 of 1st period - Brad Richards wins face-off versus Kyle Turris in Coyotes zone.
14:31 of 1st period - Wrist shot by Damien Brunner.
14:31 of 1st period - Shot Misses the Net.
14:38 of 1st period - Icing by Kristopher Letang.
14:39 of 1st period - Bryan Little wins face-off versus Brad Richards in Coyotes zone.
14:51 of 1st period - Slapshot by Kristopher Letang.
14:51 of 1st period - Stopped by Semyon Varlamov with a rebound.
14:57 of 1st period - Snap shot by Marian Gaborik.
14:57 of 1st period - Stopped by Semyon Varlamov with a rebound.
15:07 of 1st period - Wrist shot by Tyler Ennis.
15:07 of 1st period - Stopped by Semyon Varlamov with a rebound.
15:09 of 1st period - Slapshot by Anton Stralman.
15:09 of 1st period - Shot Hit the Post.
15:11 of 1st period - Slapshot by Anton Stralman.
15:11 of 1st period - Shot Misses the Net.
15:13 of 1st period - Wrist shot by Tyler Ennis.
15:13 of 1st period - Stopped by Semyon Varlamov with a rebound.
15:15 of 1st period - Snap shot by Brad Richards.
15:15 of 1st period - Shot Misses the Net.
15:17 of 1st period - Snap shot by Brad Richards.
15:17 of 1st period - Stopped by Semyon Varlamov with a rebound.
15:19 of 1st period - Slapshot by Kristopher Letang.
15:19 of 1st period - Shot Blocked by Bryan Little.
15:21 of 1st period - Snap shot by Anton Stralman.
15:21 of 1st period - Shot Blocked by Mattias Ekholm.
15:23 of 1st period - Wrist shot by Tyler Ennis.
15:23 of 1st period - Deflect By Johnny Boychuk.
15:23 of 1st period - Goal by Tyler Ennis - Avalanche : 1 - Coyotes : 2.
15:24 of 1st period - Paul Stastny wins face-off versus Nazem Kadri in neutral zone.
15:37 of 1st period - Snap shot by Nazem Kadri.
15:37 of 1st period - Stopped by Semyon Varlamov without a rebound.
15:38 of 1st period - Brooks Laich wins face-off versus Bryan Little in Avalanche zone.
15:55 of 1st period - Snap shot by Patric Hornqvist.
15:55 of 1st period - Stopped by Maxime Daigneault with a rebound.
16:13 of 1st period - Slapshot by Marian Gaborik.
16:13 of 1st period - Stopped by Semyon Varlamov without a rebound.
16:14 of 1st period - Paul Stastny wins face-off versus Marian Gaborik in Avalanche zone.
16:41 of 1st period - Pernell Karl Subban is hit by Marek Svatos and loses puck.
16:46 of 1st period - Snap shot by Zach Parise.
16:46 of 1st period - Stopped by Semyon Varlamov with a rebound.
17:48 of 1st period - Minor Penalty to Andrei Kostitsyn for Roughing.
17:49 of 1st period - Andrew Ladd wins face-off versus Brad Richards in Avalanche zone.
18:46 of 1st period - Nazem Kadri is hit by Marc Staal and loses puck.
19:40 of 1st period - Johnny Boychuk is hit by Tyler Ennis and loses puck.
19:48 of 1st period - Penalty to Andrei Kostitsyn is over, Andrei Kostitsyn is back on ice.
19:51 of 1st period - Zach Parise is hit by Alexander Radulov and loses puck.
Goals for this period are 1 for Avalanche vs 2 for Coyotes.
Shots for this period are 10 for Avalanche vs 14 for Coyotes.
2nd period
0:01 of 2nd period - Bryan Little wins face-off versus Brad Richards in neutral zone.
0:04 of 2nd period - Kristopher Letang is hit by Mikkel Boedker and loses puck.
1:20 of 2nd period - Alexander Sulzer is hit by Mikkel Boedker and loses puck.
2:21 of 2nd period - Paul Stastny is hit by Chad Larose and loses puck.
3:18 of 2nd period - Minor Penalty to Zach Parise for Hooking.
3:19 of 2nd period - Bryan Little wins face-off versus Chad Larose in Coyotes zone.
3:19 of 2nd period - Snap shot by Mikkel Boedker.
3:19 of 2nd period - Stopped by Maxime Daigneault with a rebound.
3:21 of 2nd period - Slapshot by Pernell Karl Subban.
3:21 of 2nd period - Stopped by Maxime Daigneault with a rebound.
3:23 of 2nd period - Snap shot by Bryan Little.
3:23 of 2nd period - Shot Misses the Net.
3:25 of 2nd period - Wrist shot by Bryan Little.
3:25 of 2nd period - Shot Blocked by Greg Zanon.
3:27 of 2nd period - Snap shot by Bryan Little.
3:27 of 2nd period - Shot Misses the Net.
3:45 of 2nd period - Martin Samuelsson is hit by Marc Staal and loses puck.
5:18 of 2nd period - Penalty to Zach Parise is over, Zach Parise is back on ice.
5:19 of 2nd period - Pernell Karl Subban is hit by Nazem Kadri and loses puck.
5:28 of 2nd period - Wrist shot by Andrew Ladd.
5:28 of 2nd period - Stopped by Maxime Daigneault with a rebound.
5:44 of 2nd period - Snap shot by Andrew Ladd.
5:44 of 2nd period - Shot Blocked by Anton Stralman.
6:00 of 2nd period - Tyler Ennis is hit by Chuck Kobasew and loses puck.
6:44 of 2nd period - Andrei Kostitsyn is hit by Josh Gorges and loses puck.
7:08 of 2nd period - Mikkel Boedker is hit by Kristopher Letang and loses puck.
7:25 of 2nd period - Kyle Turris is hit by Kristopher Letang and loses puck.
8:42 of 2nd period - Nazem Kadri is hit by Damien Brunner and loses puck.
8:53 of 2nd period - Snap shot by Tyler Ennis.
8:53 of 2nd period - Shot Misses the Net.
8:55 of 2nd period - Slapshot by Marian Gaborik.
8:55 of 2nd period - Goal by Marian Gaborik - Avalanche : 1 - Coyotes : 3.
8:56 of 2nd period - Brad Richards wins face-off versus Bryan Little in neutral zone.
9:28 of 2nd period - Zach Parise is hit by Andrei Kostitsyn and loses puck.
10:15 of 2nd period - Off-side.
10:16 of 2nd period - Bryan Little wins face-off versus Brad Richards in neutral zone.
10:30 of 2nd period - Tyler Ennis is hit by Johnny Boychuk and loses puck.
10:32 of 2nd period - Minor Penalty to Mattias Ekholm for Interference.
10:33 of 2nd period - Andrew Ladd wins face-off versus Brad Richards in Avalanche zone.
10:44 of 2nd period - Wrist shot by Marian Gaborik.
10:44 of 2nd period - Stopped by Semyon Varlamov with a rebound.
10:50 of 2nd period - Slapshot by Brad Richards.
10:50 of 2nd period - Stopped by Semyon Varlamov with a rebound.
11:11 of 2nd period - Slapshot by Zach Parise.
11:11 of 2nd period - Deflect By Bryan Little.
11:11 of 2nd period - Shot Blocked by Pernell Karl Subban.
11:11 of 2nd period - Puck is out of play.
11:12 of 2nd period - Bryan Little wins face-off versus Marian Gaborik in Avalanche zone.
11:19 of 2nd period - Wrist shot by Bryan Little.
11:19 of 2nd period - Stopped by Maxime Daigneault with a rebound.
11:23 of 2nd period - Snap shot by Bryan Little.
11:23 of 2nd period - Shot Blocked by Josh Gorges.
11:25 of 2nd period - Slapshot by Jack Johnson.
11:25 of 2nd period - Shot Misses the Net.
12:13 of 2nd period - Backhand shot by Jack Johnson.
12:13 of 2nd period - Stopped by Maxime Daigneault with a rebound.
12:32 of 2nd period - Penalty to Mattias Ekholm is over, Mattias Ekholm is back on ice.
12:44 of 2nd period - Minor Penalty to Kristopher Letang for Roughing.
12:45 of 2nd period - Bryan Little wins face-off versus Chad Larose in Coyotes zone.
12:51 of 2nd period - Wrist shot by Bryan Little.
12:51 of 2nd period - Stopped by Maxime Daigneault with a rebound.
12:53 of 2nd period - Slapshot by Marc Staal.
12:53 of 2nd period - Shot Misses the Net.
13:21 of 2nd period - Slapshot by Andrei Kostitsyn.
13:21 of 2nd period - Stopped by Maxime Daigneault with a rebound.
13:23 of 2nd period - Snap shot by Paul Stastny.
13:23 of 2nd period - Shot Misses the Net.
13:25 of 2nd period - Wrist shot by Pernell Karl Subban.
13:25 of 2nd period - Shot Misses the Net.
14:15 of 2nd period - Icing by Erik Karlsson.
14:16 of 2nd period - Bryan Little wins face-off versus Tyler Ennis in Avalanche zone.
14:18 of 2nd period - Icing by Erik Karlsson.
14:19 of 2nd period - Bryan Little wins face-off versus Chad Larose in Avalanche zone.
14:44 of 2nd period - Penalty to Kristopher Letang is over, Kristopher Letang is back on ice.
15:04 of 2nd period - Wrist shot by Valtteri Filppula.
15:04 of 2nd period - Shot Misses the Net.
15:06 of 2nd period - Snap shot by Greg Zanon.
15:06 of 2nd period - Shot Misses the Net.
15:08 of 2nd period - Snap shot by Valtteri Filppula.
15:08 of 2nd period - Shot Blocked by Pernell Karl Subban.
15:16 of 2nd period - Wrist shot by Chris Stewart.
15:16 of 2nd period - Stopped by Semyon Varlamov without a rebound.
15:17 of 2nd period - Bryan Little wins face-off versus Brad Richards in Avalanche zone.
15:29 of 2nd period - Off-side.
15:30 of 2nd period - Bryan Little wins face-off versus Nazem Kadri in neutral zone.
15:47 of 2nd period - Slapshot by Zach Parise.
15:47 of 2nd period - Shot Blocked by Mikkel Boedker.
15:57 of 2nd period - Mikkel Boedker is hit by Kristopher Letang and loses puck.
17:38 of 2nd period - Slapshot by Kristopher Letang.
17:38 of 2nd period - Deflect By Marc Staal.
17:38 of 2nd period - Stopped by Semyon Varlamov without a rebound.
17:39 of 2nd period - Paul Stastny wins face-off versus Brad Richards in Avalanche zone.
17:39 of 2nd period - Paul Stastny is hit by Kristopher Letang.
18:01 of 2nd period - Minor Penalty to Marian Gaborik for Goalie Interference.
18:02 of 2nd period - Chad Larose wins face-off versus Paul Stastny in Coyotes zone.
18:02 of 2nd period - Chad Larose is hit by Alexander Radulov.
18:08 of 2nd period - Slapshot by Andrei Kostitsyn.
18:08 of 2nd period - Stopped by Maxime Daigneault without a rebound.
18:09 of 2nd period - Chad Larose wins face-off versus Andrei Kostitsyn in Coyotes zone.
18:26 of 2nd period - Martin Samuelsson is hit by Paul Stastny and loses puck.
18:35 of 2nd period - Slapshot by Andrei Kostitsyn.
18:35 of 2nd period - Shot Blocked by Josh Gorges.
18:37 of 2nd period - Snap shot by Paul Stastny.
18:37 of 2nd period - Stopped by Maxime Daigneault with a rebound.
18:39 of 2nd period - Snap shot by Jack Johnson.
18:39 of 2nd period - Goal by Jack Johnson - Avalanche : 2 - Coyotes : 3.
18:40 of 2nd period - Brad Richards wins face-off versus Paul Stastny in neutral zone.
18:46 of 2nd period - Icing by Alexander Radulov.
18:47 of 2nd period - Paul Stastny wins face-off versus Brad Richards in Avalanche zone.
19:37 of 2nd period - Slapshot by Alexander Radulov.
19:37 of 2nd period - Shot Blocked by Tyler Ennis.
19:39 of 2nd period - Snap shot by Paul Stastny.
19:39 of 2nd period - Stopped by Maxime Daigneault without a rebound.
19:40 of 2nd period - Nazem Kadri wins face-off versus Patric Hornqvist in Coyotes zone.
Goals for this period are 1 for Avalanche vs 1 for Coyotes.
Shots for this period are 11 for Avalanche vs 5 for Coyotes.
3rd period
0:01 of 3rd period - Brad Richards wins face-off versus Bryan Little in neutral zone.
0:26 of 3rd period - Brad Richards is hit by Mattias Ekholm and loses puck.
0:39 of 3rd period - Wrist shot by Kyle Turris.
0:39 of 3rd period - Shot Blocked by Tyler Ennis.
0:53 of 3rd period - Slapshot by Nazem Kadri.
0:53 of 3rd period - Shot Blocked by Erik Karlsson.
0:55 of 3rd period - Snap shot by Nazem Kadri.
0:55 of 3rd period - Shot Misses the Net.
0:57 of 3rd period - Slapshot by Kristopher Letang.
0:57 of 3rd period - Stopped by Semyon Varlamov with a rebound.
0:59 of 3rd period - Slapshot by Anton Stralman.
0:59 of 3rd period - Stopped by Semyon Varlamov without a rebound.
1:00 of 3rd period - Nazem Kadri wins face-off versus Bryan Little in Avalanche zone.
1:15 of 3rd period - Wrist shot by Marek Svatos.
1:15 of 3rd period - Stopped by Semyon Varlamov without a rebound.
1:16 of 3rd period - Paul Stastny wins face-off versus Brooks Laich in Avalanche zone.
1:28 of 3rd period - Minor Penalty to Greg Zanon for Holding.
1:29 of 3rd period - Chad Larose wins face-off versus Bryan Little in Coyotes zone.
1:37 of 3rd period - Icing by Bryan Little.
1:38 of 3rd period - Chad Larose wins face-off versus Bryan Little in Avalanche zone.
1:46 of 3rd period - Off-side.
1:47 of 3rd period - Bryan Little wins face-off versus Chad Larose in neutral zone.
2:02 of 3rd period - Snap shot by Bryan Little.
2:02 of 3rd period - Shot Misses the Net.
2:04 of 3rd period - Snap shot by Bryan Little.
2:04 of 3rd period - Shot Blocked by Martin Samuelsson.
2:22 of 3rd period - Slapshot by Alexander Radulov.
2:22 of 3rd period - Shot Blocked by Josh Gorges.
2:24 of 3rd period - Slapshot by Jack Johnson.
2:24 of 3rd period - Shot Misses the Net.
2:45 of 3rd period - Icing by Andrei Kostitsyn.
2:46 of 3rd period - Brad Richards wins face-off versus Paul Stastny in Avalanche zone.
3:24 of 3rd period - Snap shot by Andrei Kostitsyn.
3:24 of 3rd period - Stopped by Maxime Daigneault with a rebound.
3:26 of 3rd period - Wrist shot by Paul Stastny.
3:26 of 3rd period - Stopped by Maxime Daigneault without a rebound.
3:27 of 3rd period - Chad Larose wins face-off versus Bryan Little in Coyotes zone.
3:28 of 3rd period - Penalty to Greg Zanon is over, Greg Zanon is back on ice.
3:39 of 3rd period - Wrist shot by Mikkel Boedker.
3:39 of 3rd period - Shot Misses the Net.
3:41 of 3rd period - Snap shot by Patric Hornqvist.
3:41 of 3rd period - Shot Misses the Net.
3:43 of 3rd period - Slapshot by Erik Karlsson.
3:43 of 3rd period - Shot Misses the Net.
4:04 of 3rd period - Icing by Tyler Ennis.
4:05 of 3rd period - Brad Richards wins face-off versus Bryan Little in Coyotes zone.
4:10 of 3rd period - Kristopher Letang is hit by Patric Hornqvist and loses puck.
4:24 of 3rd period - Snap shot by Josh Gorges.
4:24 of 3rd period - Stopped by Semyon Varlamov without a rebound.
4:25 of 3rd period - Paul Stastny wins face-off versus Nazem Kadri in Avalanche zone.
4:35 of 3rd period - Minor Penalty to Zach Parise for Slashing.
4:36 of 3rd period - Bryan Little wins face-off versus Chad Larose in Coyotes zone.
4:44 of 3rd period - Slapshot by Patric Hornqvist.
4:44 of 3rd period - Shot Misses the Net.
4:46 of 3rd period - Snap shot by Patric Hornqvist.
4:46 of 3rd period - Shot Blocked by Greg Zanon.
4:48 of 3rd period - Slapshot by Jack Johnson.
4:48 of 3rd period - Stopped by Maxime Daigneault without a rebound.
4:49 of 3rd period - Bryan Little wins face-off versus Chad Larose in Coyotes zone.
5:16 of 3rd period - Tyler Ennis is hit by Alexander Radulov and loses puck.
5:45 of 3rd period - Snap shot by Chad Larose.
5:45 of 3rd period - Stopped by Semyon Varlamov without a rebound.
5:46 of 3rd period - Brad Richards wins face-off versus Paul Stastny in Avalanche zone.
6:35 of 3rd period - Penalty to Zach Parise is over, Zach Parise is back on ice.
6:55 of 3rd period - Zach Parise is hit by Andrew Ladd.
7:09 of 3rd period - Snap shot by Chuck Kobasew.
7:09 of 3rd period - Deflect By Maxim Talbot.
7:09 of 3rd period - Shot Blocked by Alexander Sulzer.
7:09 of 3rd period - Puck is out of play.
7:10 of 3rd period - Valtteri Filppula wins face-off versus Maxim Talbot in Coyotes zone.
8:04 of 3rd period - Slapshot by Zach Parise.
8:04 of 3rd period - Shot Misses the Net.
8:06 of 3rd period - Snap shot by Kristopher Letang.
8:06 of 3rd period - Stopped by Semyon Varlamov without a rebound.
8:07 of 3rd period - Brad Richards wins face-off versus Damien Brunner in Avalanche zone.
8:08 of 3rd period - Snap shot by Tyler Ennis.
8:08 of 3rd period - Stopped by Semyon Varlamov without a rebound.
8:09 of 3rd period - Brad Richards wins face-off versus Kyle Turris in Avalanche zone.
8:40 of 3rd period - Wrist shot by Alexander Radulov.
8:40 of 3rd period - Stopped by Maxime Daigneault without a rebound.
8:41 of 3rd period - Nazem Kadri wins face-off versus Paul Stastny in Coyotes zone.
8:58 of 3rd period - Snap shot by Paul Stastny.
8:58 of 3rd period - Deflect By Alexander Radulov.
8:58 of 3rd period - Stopped by Maxime Daigneault without a rebound.
8:59 of 3rd period - Bryan Little wins face-off versus Brad Richards in Coyotes zone.
9:27 of 3rd period - Minor Penalty to Jack Johnson for High sticking.
9:28 of 3rd period - Brad Richards wins face-off versus Andrew Ladd in Avalanche zone.
10:05 of 3rd period - Backhand shot by Michael Del Zotto.
10:05 of 3rd period - Stopped by Semyon Varlamov with a rebound.
10:22 of 3rd period - Minor Penalty to Mattias Ekholm for Interference.
10:23 of 3rd period - Brad Richards wins face-off versus Chuck Kobasew in Avalanche zone.
10:47 of 3rd period - Pernell Karl Subban is hit by Brad Richards and loses puck.
11:06 of 3rd period - Snap shot by Anton Stralman.
11:06 of 3rd period - Stopped by Semyon Varlamov with a rebound.
11:08 of 3rd period - Wrist shot by Marek Svatos.
11:08 of 3rd period - Stopped by Semyon Varlamov without a rebound.
11:09 of 3rd period - Nazem Kadri wins face-off versus Chuck Kobasew in Avalanche zone.
11:27 of 3rd period - Penalty to Jack Johnson is over, Jack Johnson is back on ice.
11:30 of 3rd period - Snap shot by Tyler Ennis.
11:30 of 3rd period - Deflect By Marian Gaborik.
11:30 of 3rd period - Shot Blocked by Jack Johnson.
11:30 of 3rd period - Puck is out of play.
11:31 of 3rd period - Brad Richards wins face-off versus Andrew Ladd in Avalanche zone.
11:56 of 3rd period - Maxim Talbot is hit by Zach Parise.
12:00 of 3rd period - Johnny Boychuk is hit by Josh Gorges.
12:22 of 3rd period - Penalty to Mattias Ekholm is over, Mattias Ekholm is back on ice.
13:22 of 3rd period - Pernell Karl Subban is hit by Marek Svatos and loses puck.
13:29 of 3rd period - Slapshot by Erik Karlsson.
13:29 of 3rd period - Shot Blocked by Marek Svatos.
14:04 of 3rd period - Snap shot by Alexander Radulov.
14:04 of 3rd period - Stopped by Maxime Daigneault with a rebound.
14:06 of 3rd period - Slapshot by Erik Karlsson.
14:06 of 3rd period - Stopped by Maxime Daigneault with a rebound.
14:08 of 3rd period - Slapshot by Jack Johnson.
14:08 of 3rd period - Shot Blocked by Kristopher Letang.
14:10 of 3rd period - Wrist shot by Alexander Radulov.
14:10 of 3rd period - Deflect By Kristopher Letang.
14:10 of 3rd period - Goal by Alexander Radulov - Avalanche : 3 - Coyotes : 3.
14:11 of 3rd period - Brad Richards wins face-off versus Bryan Little in neutral zone.
14:11 of 3rd period - Brad Richards is hit by Mikkel Boedker.
14:14 of 3rd period - Off-side.
14:15 of 3rd period - Bryan Little wins face-off versus Brad Richards in neutral zone.
14:21 of 3rd period - Minor Penalty to Marian Gaborik for Hooking.
14:22 of 3rd period - Bryan Little wins face-off versus Chad Larose in Coyotes zone.
14:26 of 3rd period - Wrist shot by Mikkel Boedker.
14:26 of 3rd period - Stopped by Maxime Daigneault with a rebound.
14:32 of 3rd period - Snap shot by Patric Hornqvist.
14:32 of 3rd period - Shot Blocked by Josh Gorges.
14:34 of 3rd period - Backhand shot by Erik Karlsson.
14:34 of 3rd period - Shot Blocked by Greg Zanon.
14:36 of 3rd period - Wrist shot by Mikkel Boedker.
14:36 of 3rd period - Stopped by Maxime Daigneault without a rebound.
14:37 of 3rd period - Chad Larose wins face-off versus Bryan Little in Coyotes zone.
16:21 of 3rd period - Penalty to Marian Gaborik is over, Marian Gaborik is back on ice.
16:54 of 3rd period - Maxim Talbot is hit by Ryane Clowe and loses puck.
18:09 of 3rd period - Josh Gorges is hit by Andrew Ladd and loses puck.
18:20 of 3rd period - Jack Johnson is hit by Ryane Clowe and loses puck.
18:31 of 3rd period - Damien Brunner is hit by Alexander Sulzer.
18:57 of 3rd period - Maxim Talbot is hit by Tyler Ennis and loses puck.
19:43 of 3rd period - Josh Gorges is hit by Kyle Turris and loses puck.
19:54 of 3rd period - Ryane Clowe is hit by Chuck Kobasew and loses puck.
Goals for this period are 1 for Avalanche vs 0 for Coyotes.
Shots for this period are 10 for Avalanche vs 10 for Coyotes.
Overtime #1
0:01 of 1st overtime period - Marian Gaborik wins face-off versus Bryan Little in neutral zone.
0:26 of 1st overtime period - Kristopher Letang is hit by Kyle Turris and loses puck.
0:33 of 1st overtime period - Snap shot by Damien Brunner.
0:33 of 1st overtime period - Shot Blocked by Anton Stralman.
0:53 of 1st overtime period - Chad Larose is hit by Paul Stastny and loses puck.
1:14 of 1st overtime period - Slapshot by Mikkel Boedker.
1:14 of 1st overtime period - Shot Blocked by Kristopher Letang.
2:04 of 1st overtime period - Nazem Kadri is hit by Ville Leino.
2:43 of 1st overtime period - Minor Penalty to Andrew Ladd for High sticking.
2:44 of 1st overtime period - Brad Richards wins face-off versus Damien Brunner in Avalanche zone.
2:58 of 1st overtime period - Backhand shot by Tyler Ennis.
2:58 of 1st overtime period - Stopped by Semyon Varlamov with a rebound.
3:00 of 1st overtime period - Slapshot by Marian Gaborik.
3:00 of 1st overtime period - Shot Blocked by Marc Staal.
3:20 of 1st overtime period - Marc Staal is hit by Zach Parise and loses puck.
4:43 of 1st overtime period - Penalty to Andrew Ladd is over, Andrew Ladd is back on ice.
4:49 of 1st overtime period - Marian Gaborik is hit by Johnny Boychuk.
5:09 of 1st overtime period - Bryan Little is hit by Martin Samuelsson and loses puck.
5:35 of 1st overtime period - Marc Staal is hit by Chris Stewart and loses puck.
6:22 of 1st overtime period - Alexander Radulov is hit by Michael Del Zotto.
6:51 of 1st overtime period - Johnny Boychuk is hit by Chris Stewart and loses puck.
7:07 of 1st overtime period - Chad Larose is hit by Bryan Little.
7:26 of 1st overtime period - Brad Richards is hit by Paul Stastny and loses puck.
7:37 of 1st overtime period - Andrew Ladd is hit by Zach Parise and loses puck.
7:48 of 1st overtime period - Snap shot by Nazem Kadri.
7:48 of 1st overtime period - Stopped by Semyon Varlamov with a rebound.
8:06 of 1st overtime period - Slapshot by Michael Del Zotto.
8:06 of 1st overtime period - Stopped by Semyon Varlamov without a rebound.
8:07 of 1st overtime period - Bryan Little wins face-off versus Nazem Kadri in Avalanche zone.
9:04 of 1st overtime period - Wrist shot by Maxim Talbot.
9:04 of 1st overtime period - Stopped by Maxime Daigneault with a rebound.
9:40 of 1st overtime period - Snap shot by Josh Gorges.
9:40 of 1st overtime period - Shot Blocked by Erik Karlsson.
9:42 of 1st overtime period - Slapshot by Josh Gorges.
9:42 of 1st overtime period - Deflect By Marek Svatos.
9:42 of 1st overtime period - Stopped by Semyon Varlamov without a rebound.
9:43 of 1st overtime period - Brad Richards wins face-off versus Paul Stastny in Avalanche zone.
10:00 of 1st overtime period - Snap shot by Marian Gaborik.
10:00 of 1st overtime period - Stopped by Semyon Varlamov without a rebound.
10:01 of 1st overtime period - Bryan Little wins face-off versus Nazem Kadri in Avalanche zone.
10:10 of 1st overtime period - Snap shot by Zach Parise.
10:10 of 1st overtime period - Shot Misses the Net.
10:12 of 1st overtime period - Slapshot by Alexander Sulzer.
10:12 of 1st overtime period - Stopped by Semyon Varlamov with a rebound.
10:14 of 1st overtime period - Wrist shot by Marek Svatos.
10:14 of 1st overtime period - Shot Misses the Net.
10:16 of 1st overtime period - Backhand shot by Alexander Sulzer.
10:16 of 1st overtime period - Stopped by Semyon Varlamov with a rebound.
10:18 of 1st overtime period - Slapshot by Michael Del Zotto.
10:18 of 1st overtime period - Shot Misses the Net.
10:30 of 1st overtime period - Wrist shot by Paul Stastny.
10:30 of 1st overtime period - Shot Blocked by Alexander Sulzer.
10:36 of 1st overtime period - Snap shot by Andrei Kostitsyn.
10:36 of 1st overtime period - Stopped by Maxime Daigneault with a rebound.
11:30 of 1st overtime period - Icing by Chad Larose.
11:31 of 1st overtime period - Paul Stastny wins face-off versus Brooks Laich in Coyotes zone.
11:34 of 1st overtime period - Snap shot by Alexander Radulov.
11:34 of 1st overtime period - Stopped by Maxime Daigneault with a rebound.
11:36 of 1st overtime period - Slapshot by Marc Staal.
11:36 of 1st overtime period - Shot Blocked by Chad Larose.
11:38 of 1st overtime period - Snap shot by Marc Staal.
11:38 of 1st overtime period - Shot Blocked by Michael Del Zotto.
11:40 of 1st overtime period - Snap shot by Marc Staal.
11:40 of 1st overtime period - Deflect By Andrei Kostitsyn.
11:40 of 1st overtime period - Shot Blocked by Chad Larose.
11:40 of 1st overtime period - Puck is out of play.
11:41 of 1st overtime period - Brad Richards wins face-off versus Paul Stastny in Coyotes zone.
11:46 of 1st overtime period - Snap shot by Anton Stralman.
11:46 of 1st overtime period - Stopped by Semyon Varlamov without a rebound.
11:47 of 1st overtime period - Bryan Little wins face-off versus Brad Richards in Avalanche zone.
11:54 of 1st overtime period - Slapshot by Pernell Karl Subban.
11:54 of 1st overtime period - Shot Misses the Net.
12:45 of 1st overtime period - Wrist shot by Mikkel Boedker.
12:45 of 1st overtime period - Stopped by Maxime Daigneault without a rebound.
12:46 of 1st overtime period - Paul Stastny wins face-off versus Marek Svatos in Coyotes zone.
13:05 of 1st overtime period - Minor Penalty to Paul Stastny for Cross-checking.
13:06 of 1st overtime period - Nazem Kadri wins face-off versus Andrew Ladd in Avalanche zone.
14:55 of 1st overtime period - Icing by Kristopher Letang.
14:56 of 1st overtime period - Brad Richards wins face-off versus Andrei Kostitsyn in Coyotes zone.
15:05 of 1st overtime period - Penalty to Paul Stastny is over, Paul Stastny is back on ice.
15:17 of 1st overtime period - Snap shot by Mikkel Boedker.
15:17 of 1st overtime period - Stopped by Maxime Daigneault with a rebound.
15:19 of 1st overtime period - Slapshot by Pernell Karl Subban.
15:19 of 1st overtime period - Stopped by Maxime Daigneault without a rebound.
15:20 of 1st overtime period - Paul Stastny wins face-off versus Valtteri Filppula in Coyotes zone.
15:21 of 1st overtime period - Snap shot by Andrei Kostitsyn.
15:21 of 1st overtime period - Shot Misses the Net.
15:23 of 1st overtime period - Slapshot by Alexander Radulov.
15:23 of 1st overtime period - Stopped by Maxime Daigneault with a rebound.
15:25 of 1st overtime period - Slapshot by Jack Johnson.
15:25 of 1st overtime period - Shot Blocked by Anton Stralman.
15:27 of 1st overtime period - Wrist shot by Andrei Kostitsyn.
15:27 of 1st overtime period - Stopped by Maxime Daigneault with a rebound.
15:29 of 1st overtime period - Snap shot by Andrei Kostitsyn.
15:29 of 1st overtime period - Shot Misses the Net.
15:33 of 1st overtime period - Snap shot by Paul Stastny.
15:33 of 1st overtime period - Shot Blocked by Kristopher Letang.
15:35 of 1st overtime period - Snap shot by Andrei Kostitsyn.
15:35 of 1st overtime period - Shot Misses the Net.
16:22 of 1st overtime period - Maxim Talbot is hit by Tyler Ennis and loses puck.
16:33 of 1st overtime period - Wrist shot by Chuck Kobasew.
16:33 of 1st overtime period - Stopped by Maxime Daigneault without a rebound.
16:34 of 1st overtime period - Bryan Little wins face-off versus Nazem Kadri in Coyotes zone.
16:37 of 1st overtime period - Snap shot by Bryan Little.
16:37 of 1st overtime period - Stopped by Maxime Daigneault without a rebound.
16:38 of 1st overtime period - Zach Parise wins face-off versus Patric Hornqvist in Coyotes zone.
17:07 of 1st overtime period - Slapshot by Jack Johnson.
17:07 of 1st overtime period - Shot Blocked by Alexander Sulzer.
17:09 of 1st overtime period - Slapshot by Jack Johnson.
17:09 of 1st overtime period - Deflect By Alexander Radulov.
17:09 of 1st overtime period - Stopped by Maxime Daigneault without a rebound.
17:10 of 1st overtime period - Paul Stastny wins face-off versus Brad Richards in Coyotes zone.
17:19 of 1st overtime period - Snap shot by Alexander Radulov.
17:19 of 1st overtime period - Goal by Alexander Radulov - Avalanche : 4 - Coyotes : 3.
Goals for this period are 1 for Avalanche vs 0 for Coyotes.
Shots for this period are 12 for Avalanche vs 8 for Coyotes.
Back to the Top